 Dungeon Crawl Stone Soup version 0.28.0 (webtiles) character file.

Game seed: 10519210850692613670

106876 dolemite99 the Brawler (level 16, -10/143 HPs)
             Began as a Ghoul Monk on Feb 11, 2022.
             Was the Champion of Kikubaaqudgha.
             Mangled by Mlioglotl (23 damage)
             ... on level 1 of the Spider Nest on Feb 12, 2022.
             The game lasted 01:29:11 (40293 turns).

dolemite99 the Brawler (Ghoul Monk)                Turns: 40293, Time: 01:29:12

Health: -10/143    AC: 26    Str: 17    XL:     16   Next: 45%
Magic:  18/18      EV: 11    Int: 15    God:    Kikubaaqudgha [******]
Gold:   1575       SH:  6    Dex: 11    Spells: 2/19 levels left

rFire   + . .      SeeInvis .     - Unarmed
rCold   + + .      Faith    .   I - +2 buckler
rNeg    + + +      Spirit   .   x - +4 scale mail {rF+}
rPois   ∞          Reflect  .   S - +2 helmet
rElec   .          Harm     .   D - +1 cloak
rCorr   .          Rampage  .   (no gloves)
Will    +....                   m - +2 pair of boots
Stlth   ..........              Y - amulet "Idoqysarr" {rC+ Regen+ Int+4}
HPRegen 0.00/turn               q - +4 ring of protection {=R}
MPRegen 0.16/turn               y - +4 ring of slaying

@: spiked, inhibited regen
A: claws 1, cold resistance 1, negative energy resistance 3, inhibited
regeneration, torment resistance 2
a: Renounce Religion, Receive Corpses, Torment


You were on level 1 of the Spider Nest.
You worshipped Kikubaaqudgha.
Kikubaaqudgha was exalted by your worship.
You visited 5 branches of the dungeon, and saw 25 of its levels.
You also visited: Sewer.

You collected 2814 gold pieces.
You spent 1239 gold pieces at shops.

Inventory:

Hand Weapons
 a - a +4 vorpal hunting sling
 l - a +0 vorpal hunting sling
 w - the +8 shortbow "Haodochi" {flame, rC+ Dex+3}
   (You found it on level 12 of the Dungeon)

   Any ammunition fired from it burns those it strikes, dealing additional fire
   damage.
   Dex:       It affects your dexterity (+3).
   rC:        It protects you from cold.
Missiles
 c - 660 stones
 d - a javelin
 g - 4 throwing nets
 k - 384 bolts
 p - 94 sling bullets
 s - 81 poisoned darts (quivered)
 u - 452 arrows
Armour
 j - a +1 scale mail of fire resistance
 m - a +2 pair of boots (worn)
 x - a +4 scale mail of fire resistance (worn)
 D - a +1 cloak (worn)
 I - a +2 buckler (worn)
 K - the +4 ring mail "Ewiw" {+Blink Will++ rCorr}
   (You found it on level 4 of the Lair of Beasts)

   +Blink:    It lets you blink.
   rCorr:     It protects you from acid and corrosion.
   Will:      It greatly increases your willpower.
 S - a +2 helmet (worn)
Magical Staves
 G - a staff of fire
 L - a staff of air
Jewellery
 b - a ring of flight
 n - an amulet of magic regeneration
 q - a +4 ring of protection (left claw) {=R}
 y - a +4 ring of slaying (right claw)
 F - an amulet of reflection
 P - the ring of Jaitte {Wiz *Slow rElec MP+9}
   (You found it on level 2 of the Lair of Beasts)

   [ring of wizardry]

   It improves your spell success rate.
   rElec:     It insulates you from electricity.
   MP:        It affects your magic capacity (+9).
   *Slow:     It may slow you when you take damage.
 Q - a ring of ice
 Y - the amulet "Idoqysarr" (around neck) {rC+ Regen+ Int+4}
   (You found it on level 2 of the Lair of Beasts)

   [amulet of regeneration]

   Int:       It affects your intelligence (+4).
   rC:        It protects you from cold.
   Regen:     It increases your rate of health regeneration.
Wands
 e - a wand of polymorph (13)
 r - a wand of digging (2)
 J - a wand of flame (21)
Scrolls
 f - a scroll of silence
 h - a scroll of torment
 v - a scroll of blinking
 z - a scroll of fear
 B - 9 scrolls of identify {@r1}
 C - 16 scrolls of teleportation
 H - 4 scrolls of magic mapping
 N - 2 scrolls of vulnerability
Potions
 i - 3 potions of berserk rage
 o - 2 potions of cancellation
 t - 2 potions of attraction
 A - 3 potions of curing
 E - 5 potions of ambrosia
 V - a potion of brilliance
 Z - 2 potions of flight
Miscellaneous
 U - a condenser vane (inert)
 W - a tin of tremorstones (1/2)
 X - a lightning rod (3/4)


   Skills:
 + Level 13.0 Fighting
 - Level 5.2 Slings
 - Level 3.0 Bows
 - Level 11.1 Armour
 - Level 5.3 Dodging
 - Level 2.1 Stealth
 - Level 4.0 Shields
 - Level 15.4 Unarmed Combat
 - Level 2.1 Spellcasting
 - Level 4.0 Conjurations
 + Level 8.8 Necromancy
 - Level 7.2 Air Magic
 - Level 5.0 Poison Magic
 - Level 9.4 Evocations


You had 2 spell levels left.
You knew the following spells:

 Your Spells              Type           Power      Damage    Failure   Level
a - Mephitic Cloud        Conj/Pois/Air  17%        N/A       24%         3
b - Corpse Rot            Necr/Air       50%        N/A       4%          2
c - Vampiric Draining     Necr           28%        2d8       6%          3
d - Animate Dead          Necr           14%        N/A       19%         4
e - Dispel Undead         Necr           28%        3d13      19%         4
f - Animate Skeleton      Necr           56%        N/A       1%          1

Your spell library contained the following spells:

 Spells                   Type           Power      Damage    Failure   Level
 Pain                     Necr           100%       1d9       1%          1
 Magic Dart               Conj           52%        1d5       14%         1
 Foxfire                  Conj/Fire      28%        2x1d5     32%         1
 Slow                     Hex            4%         N/A       58%         1
 Summon Small Mammal      Summ           4%         N/A       58%         1
 Call Imp                 Summ           1%         N/A       75%         2
 Ensorcelled Hibernation  Hex/Ice        2%         N/A       75%         2
 Passwall                 Tmut/Erth      0%         N/A       75%         2
 Swiftness                Air            23%        N/A       12%         3
 Agony                    Necr           28%        N/A       47%         5
 Conjure Flame            Conj/Fire      7%         6-21      69%         3
 Dazzling Flash           Conj/Hex       14%        N/A       69%         3
 Anguish                  Hex/Necr       7%         N/A       77%         4
 Summon Lightning Spire   Summ/Air       12%        N/A       86%         4
 Call Canine Familiar     Summ           1%         N/A       92%         3
 Confusing Touch          Hex            1%         N/A       92%         3
 Inner Flame              Hex/Fire       1%         N/A       92%         3
 Summon Guardian Golem    Hex/Summ       1%         N/A       92%         3
 Flame Wave               Conj/Fire      7%         2d5       97%         4
 Borgnjor's Vile Clutch   Necr/Erth      7%         N/A       98%         5
 Silence                  Hex/Air        6%         N/A       99%         5
 Petrify                  Tmut/Erth      1%         N/A       100%        4
 Fireball                 Conj/Fire      3%         3d4       100%        5
 Metabolic Englaciation   Hex/Ice        0%         N/A       100%        5
 Simulacrum               Ice/Necr       7%         N/A       100%        6
 Starburst                Conj/Fire      3%         6d3       100%        6
 Haunt                    Necr/Summ      7%         N/A       100%        7
 Summon Hydra             Summ           0%         N/A       100%        7
 Ignition                 Fire           0%         3d3       100%        8
 Infestation              Necr           14%        N/A       100%        8
 Maxwell's Capacitive Co  Air            11%        ∞         100%        8
 Sublimation of Blood     Necr           Unusable   N/A       N/A         2
 Wereblood                Tmut           Unusable   N/A       N/A         2
 Statue Form              Tmut/Erth      Unusable   N/A       N/A         6
 Storm Form               Tmut/Air       Unusable   N/A       N/A         7
 Borgnjor's Revivificati  Necr           Unusable   N/A       N/A         8
 Necromutation            Tmut/Necr      Unusable   N/A       N/A         8
 Death's Door             Necr           Unusable   N/A       N/A         9

Dungeon Overview and Level Annotations

Branches:
Dungeon (15/15)            Temple (0/1) D:7            Lair (6/6) D:11
  Swamp (1/4) Lair:2       Spider (1/4) Lair:3        Slime (0/5) Lair:6
    Orc (2/2) D:9             Elf (0/3) Orc:2        Vaults (0/5) D:13
 Depths (0/4) D:15          Sewer (visited)

Altars:
Kikubaaqudgha
Ru
Sif Muna
Uskayaw
Yredelemnul

Shops:
D:7 **   D:8 (   D:14 ((*   Orc:2 :(:(

Annotations:
D:5 3 runed translucent doors, axecop's ghost, novice HOWn; coolio's ghost, novice OgHu
Lair:5 exclusion: 2 oklob plants
Spider:1 Mlioglotl


Innate Abilities, Weirdness & Mutations

You thrive by killing the living.
You are immune to poison.
You have sharp fingernails.
Your flesh is cold resistant. (rC+)
You are immune to negative energy. (rN+++)
You do not regenerate when monsters are visible.
You are immune to unholy pain and torment.


Message History

The steelbarb worm barely misses you.
You claw the steelbarb worm!
The steelbarb worm is severely wounded.
You hear a bark!
The steelbarb worm hits you.
* * * LOW HITPOINT WARNING * * *
Barbed spikes become lodged in your body.
You scratch the steelbarb worm.
The steelbarb worm is severely wounded.
The steelbarb worm hits you but does no damage.
You barely miss the steelbarb worm.
The steelbarb worm is severely wounded.
The steelbarb worm hits you.
* * * LOW HITPOINT WARNING * * *
Barbed spikes become lodged in your body.
The chaos spawn hits you but does no damage.
You claw the steelbarb worm!
The steelbarb worm is almost dead.
The steelbarb worm misses you.
You mangle the steelbarb worm!!
You kill the steelbarb worm!
Kikubaaqudgha accepts your kill. The chaos spawn closely misses you.
You mangle the raiju!!
The raiju is heavily wounded.
The chaos spawn hits you but does no damage.
You completely miss the raiju.
The raiju is heavily wounded.
The raiju bursts into living lightning!
The living lightning hits you!
* * * LOW HITPOINT WARNING * * *
The raiju blinks!
The chaos spawn completely misses you.
You mangle the chaos spawn!!
The chaos spawn is almost dead.
You barely miss the chaos spawn.
The chaos spawn is almost dead.
The chaos spawn hits you but does no damage.
Mlioglotl hits you!!
You die...
Kikubaaqudgha rasps: "You have failed me!
Welcome... oblivion!"

#....#. ....##.# . #....#.
.#.. #.... .#h.... #.^.
......####
..#.#......#.#..#.#..^##
#......#.......#........
#..#....#..#.#..........
#........#....###.#...^#
..#..@4#..#.#.#.#...#.
#..##X.#.#......#....
###.......#.^.#...#...#
#.....#.#>..#....#...#.
##...<..##..#...#.##.##.
#.#..#.#..#....#.^..#...
##..#.^.#.#.##....###....
##..#.#.#w.....#..#.#..#..
#.........###.##....##....


You could see Mlioglotl (strong), a raiju (summoned) and a chaos spawn
(summoned).

Vanquished Creatures
  Kirke (D:13)
  A spark wasp (Lair:3)
  A bunyip (Swamp:1)
  An entropy weaver (Lair:3)
  An ettin (shapeshifter) (D:15)
  An ettin (Orc:2)
  Josephine (Lair:5)
  A rakshasa (D:15)
  An ogre mage (D:14)
  10 hydras
  A vault guard (D:13)
  A catoblepas (Lair:6)
  4 boulder beetles
  2 centaur warriors
  A radroach (Spider:1)
  10 two-headed ogres
  4 tengu warriors (D:15)
  A death knight (D:15)
  2 alligators (Swamp:1)
  5 death yaks
  5 orc high priests (Orc:2)
  An orb spider (Spider:1)
  A bog body (Lair:2)
  A lindwurm (Lair:3)
  A wizard (D:15)
  A steelbarb worm (Spider:1)
  7 orc knights
  13 ugly things
  An orc sorcerer (D:15)
  3 manticores
  4 cyclopes
  14 elephants
  Joseph (D:8)
  2 black mambas
  15 cane toads
  2 rime drakes
  A komodo dragon (shapeshifter) (D:15)
  5 yaktaurs (D:15)
  2 demonic crawlers (Spider:1)
  2 kobold demonologists (D:12)
  A freezing wraith (D:14)
  An unseen horror (D:13)
  4 tengu conjurers (D:15)
  10 komodo dragons
  A queen bee (Lair:2)
  A queen bee (shapeshifter) (D:15)
  9 trolls
  3 polar bears (Lair:6)
  A tarantella (Lair:3)
  4 hornets
  6 blink frogs
  A raiju (shapeshifter) (D:14)
  15 slime creatures
  13 dream sheep (Lair:6)
  4 jumping spiders
  11 spriggans (Lair:6)
  2 vampires
  A centaur simulacrum (D:12)
  2 shadows
  5 hogs
  41 yaks
  6 basilisks
  16 redbacks
  5 wyverns
  6 wraiths
  2 wargs (Orc:1)
  3 vampire mosquitoes
  2 steam dragons
  2 swamp worms (Swamp:1)
  Duvessa (D:5)
  18 water moccasins
  24 orc warriors
  An ice beast (D:6)
  4 black bears (Lair:6)
  4 ogres
  42 wolves
  4 boggarts (Lair:6)
  13 centaurs
  An ogre (shapeshifter) (D:12)
  8 kobold brigands
  Blork the orc (D:5)
  A gnoll sergeant (D:7)
  10 bullfrogs
  A scorpion (Lair:1)
  Dowan (D:5)
  30 killer bees (Lair:2)
  3 water moccasin skeletons
  13 wights
  5 howler monkeys
  An electric eel (Lair:2)
  6 centaur zombies
  2 hounds
  A bullfrog zombie (D:7)
  5 jellies
  32 orc priests
  2 gnoll shamans
  A bullfrog skeleton (D:6)
  An iguana (D:6)
  25 orc wizards
  19 hell rats
  Terence (D:2)
  A killer bee zombie (D:7)
  9 gnolls
  8 adders
  3 white imps
  An ufetubus (D:4)
  An adder zombie (D:3)
  A worm (D:3)
  A dart slug (D:3)
  66 orcs
  4 bats
  7 endoplasms
  17 giant cockroaches
  6 goblins
  6 hobgoblins
  3 jackals (D:2)
  3 quokkas
  7 ball pythons
  A ball python zombie (D:3)
  8 frilled lizards
  A giant cockroach zombie (D:3)
  14 kobolds
  3 rats
762 creatures vanquished.

Vanquished Creatures (collateral kills)
  A pharaoh ant (Spider:1)
  A culicivora (Spider:1)
  A yak (D:12)
  2 redbacks (Spider:1)
  2 wolves
  A hell rat (Lair:6)
8 creatures vanquished.

Vanquished Creatures (others)
  3 bushes (Lair:2)
  6 foxfires (Swamp:1)
  60 fungi
  61 plants
  5 withered plants (D:5)
135 creatures vanquished.

Grand Total: 905 creatures vanquished

Notes
Turn   | Place    | Note
-------+----------+-------------------------------------------
     0 | D:1      | dolemite99 the Ghoul Monk began the quest for the Orb.
     0 | D:1      | Reached XP level 1. HP: 19/19 MP: 0/0
    73 | D:1      | Found a faded altar of an unknown god.
    85 | D:1      | Prayed at the altar of an unknown god.
    85 | D:1      | Became a worshipper of Kikubaaqudgha
    85 | D:1      | Reached * piety under Kikubaaqudgha
    85 | D:1      | Received a gift from Kikubaaqudgha
    85 | D:1      | Reached ** piety under Kikubaaqudgha
    98 | D:1      | Reached XP level 2. HP: 25/26 MP: 1/1
   271 | D:1      | Reached skill level 4 in Unarmed Combat
   512 | D:1      | Reached *** piety under Kikubaaqudgha
   512 | D:1      | Received a gift from Kikubaaqudgha
   835 | D:2      | Noticed Terence
   845 | D:2      | Killed Terence
   846 | D:2      | Reached skill level 5 in Unarmed Combat
   846 | D:2      | Reached XP level 3. HP: 12/31 MP: 2/2
  1834 | D:3      | Reached XP level 4. HP: 38/38 MP: 3/3
  1957 | D:3      | Found a basalt altar of Yredelemnul.
  2163 | D:3      | Found a glowing drain.
  2174 | Sewer    | Entered a sewer
  2227 | Sewer    | Reached skill level 6 in Unarmed Combat
  2280 | Sewer    | Reached XP level 5. HP: 45/45 MP: 4/4
  2404 | Sewer    | Reached **** piety under Kikubaaqudgha
  2550 | Sewer    | Reached skill level 7 in Unarmed Combat
  2554 | Sewer    | Reached XP level 6. HP: 34/51 MP: 5/5
  3807 | D:4      | Reached skill level 8 in Unarmed Combat
  3807 | D:4      | Reached XP level 7. HP: 43/57 MP: 6/6
  4168 | D:4      | Reached skill level 9 in Unarmed Combat
  4554 | D:5      | Entered Level 5 of the Dungeon
  4554 | D:5      | Noticed Blork the orc
  4573 | D:5      | Killed Blork the orc
  4952 | D:5      | Noticed Duvessa
  4952 | D:5      | Noticed Dowan
  4982 | D:5      | Killed Duvessa
  4983 | D:5      | Reached skill level 10 in Unarmed Combat
  4992 | D:5      | Killed Dowan
  4993 | D:5      | Reached XP level 8. HP: 42/63 MP: 7/7
  5755 | D:5      | Found a runed translucent gate.
  5755 | D:5      | Found a runed translucent gate.
  5755 | D:5      | Found a runed translucent gate.
  5756 | D:5      | Noticed coolio's ghost (novice OgHu)
  5757 | D:5      | Noticed axecop's ghost (novice HOWn)
  5973 | D:6      | Reached skill level 1 in Armour
  6273 | D:6      | Reached ***** piety under Kikubaaqudgha
  7306 | D:7      | Reached skill level 5 in Armour
  7307 | D:7      | Noticed a hornet
  7322 | D:6      | Killed a hornet
  7323 | D:6      | Reached XP level 9. HP: 39/70 MP: 8/8
  8574 | D:7      | Found Laemo's CLEARANCE SALE!.
  8628 | D:7      | Found Amua's Assorted Antiques.
  8632 | D:7      | Found a staircase to the Ecumenical Temple.
  8645 | D:7      | Bought 3 scrolls of teleportation for 243 gold pieces
  8645 | D:7      | Bought 2 scrolls of identify for 108 gold pieces
  9285 | D:8      | Noticed Joseph
  9300 | D:8      | Killed Joseph
  9827 | D:8      | Reached skill level 1 in Slings
 10385 | D:8      | Found Buemim's Antique Weapon Shop.
 10959 | D:9      | Noticed a troll
 10971 | D:8      | Killed a troll
 11215 | D:9      | Reached skill level 5 in Fighting
 11220 | D:9      | Reached XP level 10. HP: 81/81 MP: 9/9
 11293 | D:9      | Noticed a two-headed ogre
 11313 | D:9      | Killed a two-headed ogre
 11607 | D:9      | Reached skill level 5 in Slings
 12241 | D:9      | Reached skill level 11 in Unarmed Combat
 12543 | D:9      | Found a staircase to the Orcish Mines.
 12615 | D:9      | Noticed a cyclops
 12624 | D:9      | Killed a cyclops
 13624 | D:10     | Entered Level 10 of the Dungeon
 13958 | D:10     | Reached XP level 11. HP: 94/94 MP: 10/10
 14134 | D:10     | Noticed a manticore
 14152 | D:10     | Killed a manticore
 14153 | D:10     | Reached skill level 12 in Unarmed Combat
 14320 | D:10     | Noticed a boulder beetle
 14334 | D:10     | Killed a boulder beetle
 14507 | D:10     | Identified the +5 war axe "Jaconut" {freeze, Dex+3 Stlth+}
 14879 | D:11     | Noticed a two-headed ogre
 14892 | D:11     | Killed a two-headed ogre
 15291 | D:11     | Found a staircase to the Lair.
 15293 | D:11     | Noticed a two-headed ogre
 15311 | D:11     | Killed a two-headed ogre
 15312 | D:11     | Reached skill level 13 in Unarmed Combat
 15354 | D:11     | Noticed an eight-headed hydra
 15374 | D:11     | HP: 3/95 [eight-headed hydra (10)]
 15376 | D:11     | Killed an eight-headed hydra
 15864 | D:11     | Found a shimmering blue altar of Sif Muna.
 15938 | D:11     | Noticed a two-headed ogre
 15948 | D:11     | Killed a two-headed ogre
 15949 | D:11     | Reached skill level 14 in Unarmed Combat
 16782 | Lair:1   | Entered Level 1 of the Lair of Beasts
 16855 | Lair:1   | Reached skill level 15 in Unarmed Combat
 16855 | Lair:1   | Reached XP level 12. HP: 55/103 MP: 11/11
 18977 | Lair:2   | Reached skill level 10 in Fighting
 19457 | Lair:2   | Reached ****** piety under Kikubaaqudgha
 19459 | Lair:2   | Reached skill level 1 in Evocations
 19533 | Lair:2   | Identified the amulet "Idoqysarr" {rC+ Regen+ Int+4}
 19552 | Lair:2   | Identified the ring of Jaitte {Wiz *Slow rElec MP+9}
 19727 | Lair:2   | Noticed a seven-headed hydra
 19733 | Lair:2   | Killed a seven-headed hydra
 19734 | Lair:2   | Reached skill level 5 in Evocations
 20002 | Lair:2   | Found a staircase to the Swamp.
 20491 | Lair:3   | Found a hole to the Spider Nest.
 20552 | Lair:3   | Reached XP level 13. HP: 110/114 MP: 12/12
 20565 | Lair:3   | Learned a level 1 spell: Animate Skeleton
 20569 | Lair:3   | Learned a level 2 spell: Corpse Rot
 20820 | Lair:3   | Found a hide-covered altar of Uskayaw.
 21366 | Lair:3   | HP: 1/114 [death yak (19)]
 21941 | Lair:4   | Identified the +4 ring mail "Ewiw" {+Blink Will++ rCorr}
 21965 | Lair:4   | Learned a level 3 spell: Vampiric Draining
 22022 | Lair:4   | Reached skill level 1 in Necromancy
 22590 | Lair:5   | Received a gift from Kikubaaqudgha
 22682 | Lair:5   | Reached skill level 5 in Necromancy
 23158 | Lair:5   | Reached skill level 1 in Air Magic
 23236 | Lair:5   | Noticed Josephine
 23346 | Lair:5   | Killed Josephine
 23935 | Lair:6   | Entered Level 6 of the Lair of Beasts
 24049 | Lair:6   | Reached XP level 14. HP: 122/122 MP: 13/13
 24166 | Lair:6   | Reached skill level 5 in Air Magic
 25422 | Lair:6   | Found a staircase to the Slime Pits.
 26363 | D:12     | Identified the +8 shortbow "Haodochi" {flame, rC+ Dex+3}
 26408 | D:12     | Learned a level 4 spell: Animate Dead
 27280 | Orc:1    | Entered Level 1 of the Orcish Mines
 27545 | Orc:1    | Reached skill level 1 in Bows
 27980 | Orc:2    | Entered Level 2 of the Orcish Mines
 28201 | Orc:2    | Reached XP level 15. HP: 50/132 MP: 14/14
 28381 | Orc:2    | Found a staircase to the Elven Halls.
 30896 | Orc:2    | Found Mogaed's Book Shop.
 30896 | Orc:2    | Found Mil Qapt's Antique Weapon Shop.
 30897 | Orc:2    | Found Wuismax's Antique Weapon Boutique.
 30897 | Orc:2    | Found Paapelu's Book Shop.
 30909 | Orc:2    | Learned a level 4 spell: Dispel Undead
 30925 | Orc:2    | Bought a glowing hunting sling for 130 gold pieces
 31501 | D:13     | Noticed Kirke
 31580 | D:13     | Reached skill level 5 in Dodging
 31859 | D:13     | Killed Kirke
 32012 | D:13     | Reached skill level 1 in Spellcasting
 32098 | D:13     | Found a gate to the Vaults.
 32337 | D:13     | Learned a level 3 spell: Mephitic Cloud
 32401 | D:14     | Found Cites's General Store.
 32463 | D:14     | Found Inoasuet's Antique Weapon Shop.
 32508 | D:14     | Reached skill level 1 in Poison Magic
 33371 | D:14     | Found Nidasair's Magic Scroll Boutique.
 34157 | D:14     | Reached skill level 5 in Poison Magic
 34174 | D:14     | Bought a scroll of blinking for 142 gold pieces
 34174 | D:14     | Bought a scroll of teleportation for 57 gold pieces
 34174 | D:14     | Bought 2 scrolls of magic mapping for 133 gold pieces
 34174 | D:14     | Bought a scroll of magic mapping for 66 gold pieces
 34174 | D:14     | Bought a scroll of silence for 142 gold pieces
 34174 | D:14     | Bought a scroll of identify for 38 gold pieces
 34174 | D:14     | Bought a scroll of identify for 38 gold pieces
 34174 | D:14     | Bought a scroll of vulnerability for 142 gold pieces
 34322 | D:14     | Reached skill level 1 in Conjurations
 34969 | D:14     | Found Byhex's Antique Weapon Shop.
 35715 | D:15     | Entered Level 15 of the Dungeon
 35785 | D:15     | Reached skill level 10 in Armour
 36082 | D:13     | Reached XP level 16. HP: 65/141 MP: 18/18
 37379 | D:15     | Reached skill level 1 in Shields
 37823 | D:15     | Found a sacrificial altar of Ru.
 37926 | D:15     | Found a staircase to the Depths.
 38474 | Swamp:1  | Entered Level 1 of the Swamp
 39245 | Spider:1 | Entered Level 1 of the Spider Nest
 40252 | Spider:1 | Noticed Mlioglotl
 40293 | Spider:1 | Mangled by Mlioglotl

Illustrated notes

Levels and vault maps discovered:
D:1:      minmay_arrival_nine_rooms, layout_basic, basic_ecumenical_altar,
          chequers_arboretum, minmay_tripent
D:2:      layout_basic, uniq_terence
D:3:      layout_rooms, nicolae_yredelemnul_corpse_copse, gup_sewer_entry_spiral
D:4:      layout_basic
D:5:      layout_rooms, gammafunk_ghost_cemetery, serial_bayou_pond_d,
          minivault_11, minmay_misc_feat_secret_circle, uniq_blork_the_orc,
          uniq_duvessa
D:6:      layout_basic
D:7:      layout_loops_ring, minmay_temple_entry_junction, serial_shops, shop,
          nicolae_shop_clearance
D:8:      layout_loops_ring, serial_shops, shop, uniq_joseph
D:9:      layout_loops_ring, david_orc_4, kb_lookout_dungeons_type,
          kennysheep_dice
D:10:     layout_long_grid, minmay_misc_feat_hallway,
          chequers_serial_rivers_micro_a
D:11:     layout_basic, lair_entry_dummy, gauntlet_entry_generic,
          kennysheep_orc_sif_temple
D:12:     kennysheep_room_grid, layout_loops_ring, chequers_decorated_corner
D:13:     layout_basic, david_vaults_5, corexii_hall_statues_x,
          minmay_tree_intersection, grunt_decor_junction, uniq_kirke
D:14:     layout_irregular_city, minmay_staircase_statues, serial_shops,
          shop_fountains, nicolae_shop_temple_entry_statues_fountains, shop,
          shop, portal_ice_cave_entry_pillars_1, blue_anna_alchemist
D:15:     hangedman_depths_entry_civil_slaughter, layout_loops_corners,
          nicolae_ru_path_of_blood, amcnicky_mini_pool_small,
          grunt_ministairs_8, item_on_display_a
Lair:1:   layout_concentric_octagons
Lair:2:   regret_index_bee_streams, layout_chaotic_city,
          minmay_swamp_entry_reptiles, minmay_hedge_maze, serial_bayou_shore_a
Lair:3:   layout_hall_layers, spider_nest_entry_a, basic_altar,
          lemuel_fruit_tree
Lair:4:   layout_roguey
Lair:5:   layout_regular_city, minmay_lair_oklob_items,
          grunt_forest_large_clearings, grunt_megastairs_2,
          serial_bayou_shore_b, serial_bayou_shore_b, uniq_josephine
Lair:6:   minmay_lair_end_enchanted_forest, layout_concentric_octagons,
          nicolae_slime_entry_slimehenge
Swamp:1:  layout_basic_swamp, nicolae_swamp_fairy_circle,
          nicolae_swamp_trees_clearing
Spider:1: layout_spider_delve, uniq_mlioglotl
Orc:1:    layout_caves
Orc:2:    st_orc_pillars, layout_caves

Skill      XL: |  1  2  3  4  5  6  7  8  9 10 11 12 13 14 15 16 |
---------------+-------------------------------------------------+-----
Unarmed Combat | 5 6 7 8 10 11 15 | 15.4
Armour         | 5 7 8 9 10 11 | 11.1
Slings         | 3 5 |  5.2
Fighting       | 5 8 10 11 12 13 | 13.0
Evocations     | 6 9 |  9.4
Necromancy     | 6 7 8 |  8.8
Air Magic      | 4 7 |  7.2
Bows           | 2 3 |  3.0
Dodging        | 5 |  5.3
Spellcasting   | 2 |  2.1
Poison Magic   | 5 |  5.0
Conjurations   | 4 |  4.0
Shields        | 4 |  4.0
Stealth        | |  2.1

Action                   |  1- 3 |  4- 6 |  7- 9 | 10-12 | 13-15 | 16-18 || total
-------------------------+-------+-------+-------+-------+-------+-------++-------
Melee: Unarmed           |    34 |    98 |   262 |   478 |   813 |   239 ||  1924
       Dagger            |    53 |    98 |     1 |       |       |       ||   152
       Punch             |     4 |     9 |    13 |    46 |    97 |     4 ||   173
 Fire: Hunting sling     |       |       |    31 |   331 |    13 |     2 ||   377
       Shortbow          |       |       |       |       |   527 |    13 ||   540
Throw: Stone             |    23 |    47 |    10 |       |       |       ||    80
       Javelin           |       |     4 |     6 |     2 |       |       ||    12
       Dart              |       |       |    47 |    66 |    34 |    54 ||   201
 Cast: Animate Skeleton  |       |       |       |       |    63 |       ||    63
       Corpse Rot        |       |       |       |       |     8 |     1 ||     9
       Animate Dead      |       |       |       |       |     1 |     9 ||    10
       Mephitic Cloud    |       |       |       |       |       |    15 ||    15
Invok: Receive Forbidden |       |       |       |       |     1 |       ||     1
Evoke: Wand              |       |       |    11 |     4 |    29 |     2 ||    46
       Condenser vane    |       |       |       |     2 |     6 |     1 ||     9
       Tin of tremorston |       |       |       |     1 |     7 |     1 ||     9
       Lightning rod     |       |       |       |       |     9 |     1 ||    10
  Use: Scroll            |       |       |    16 |     9 |    17 |     1 ||    43
       Potion            |       |       |     2 |     3 |    12 |     8 ||    25
 Stab: Sleeping          |     1 |       |       |       |     1 |       ||     2
       Distracted        |       |       |       |       |     5 |     1 ||     6
       Invisible         |       |       |       |       |     1 |       ||     1
       Confused          |       |       |       |       |       |     4 ||     4
Armor: Robe              |     8 |       |       |       |       |       ||     8
       Ring mail         |    23 |    84 |    23 |       |   500 |    79 ||   709
       Chain mail        |       |       |   105 |   301 |    35 |       ||   441
       Scale mail        |       |       |       |       |       |    92 ||    92
Dodge: Dodged            |    60 |   116 |    95 |   197 |   501 |   118 ||  1087
Block: Other             |       |       |    52 |   104 |       |       ||   156
       Reflection        |       |       |     1 |     5 |       |       ||     6
       Buckler           |       |       |       |       |       |    57 ||    57
